[Event "ICC tourney 2545 (5 3)"]
[Site "Internet Chess Club"]
[Date "2021.04.11"]
[Round "6"]
[White "dwmt"]
[Black "nhallmark01"]
[Result "1-0"]
[ICCResult "Black checkmated"]
[WhiteElo "1062"]
[BlackElo "1433"]
[Opening "Polish (Sokolsky) opening"]
[ECO "A00"]
[NIC "VO.10"]
[Time "16:15:08"]
[TimeControl "300+3"]

1. b4 g6 2. Bb2 Nf6 3. Bxf6 exf6 4. c3 Bg7 5. Nf3 d6 6. d4 Bf5 7. Nbd2 Nd7
8. e4 Be6 9. d5 Bg4 10. h3 Bxf3 11. Nxf3 f5 12. Qc2 Qe7 13. Nd2 O-O-O 14.
O-O-O Rde8 15. f3 fxe4 16. fxe4 Bh6 17. Bd3 Ne5 18. Bb5 c6 19. dxc6 bxc6 20.
Ba6+ Kc7 21. Qa4 Rb8 22. Qa5+ Rb6 23. Kc2 f5 24. c4 fxe4 25. c5 dxc5 26.
bxc5 Kd7 27. cxb6 axb6 28. Qxb6 e3 29. Ne4+ Ke6 30. Rd6+ Kf5 31. Ng3+ Kg5
32. Qxe3+ Kh4 33. Rd4+ Bf4 34. Qxf4+ Ng4 35. Qxg4# {Black checkmated} 1-0

[Event "ICC tourney 2545 (5 3)"]
[Site "Internet Chess Club"]
[Date "2021.04.11"]
[Round "6"]
[White "jgse19811"]
[Black "aronsp"]
[Result "1-0"]
[ICCResult "Black resigns"]
[WhiteElo "1322"]
[BlackElo "1287"]
[Opening "Sicilian: dragon variation"]
[ECO "B70"]
[NIC "SI.15"]
[Time "16:15:10"]
[TimeControl "300+3"]

1. e4 c5 2. Nf3 d6 3. d4 cxd4 4. Nxd4 Nf6 5. Nc3 g6 6. Bc4 Bg7 7. Bb3 O-O 8.
f4 Bd7 9. O-O Nc6 10. Be3 Nxd4 11. Bxd4 Bc6 12. Re1 Nd7 13. Bxg7 Kxg7 14. h4
Qb6+ 15. Kh1 Nc5 16. Qd4+ f6 17. Bd5 Bxd5 18. Nxd5 Qd8 19. Re3 Ne6 20. Qd2
Rc8 21. f5 Nc5 22. Nf4 Rh8 23. Rg3 Qe8 24. Nh5+ Kf8 25. fxg6 hxg6 26. Qf4
Rxh5 27. Rg5 Rxg5 28. hxg5 Qf7 29. Qg4 Rd8 30. Rf1 Qe6 31. Qh4 Kg7 32. Qh6+
Kg8 33. Qxg6+ Kf8 34. gxf6 Rc8 35. fxe7+ Kxe7 36. Qg7+ Kd8 37. Rf8+ Qe8 38.
Qf6+ Kd7 39. Rxe8 Rxe8 40. Qf7+ Re7 41. Qf5+ Kc7 42. Qf6 Rxe4 43. Qf7+ Kc6
44. Qf3 a6 45. g4 Kb6 46. g5 Re5 47. g6 Ne6 48. Qf2+ Kc6 49. Qf6 Nd4 50. g7
Rh5+ 51. Kg2 {Black resigns} 1-0

[Event "ICC tourney 2545 (5 3)"]
[Site "Internet Chess Club"]
[Date "2021.04.11"]
[Round "6"]
[White "Rickyb"]
[Black "Bob73"]
[Result "0-1"]
[ICCResult "White checkmated"]
[WhiteElo "2176"]
[BlackElo "1713"]
[Opening "Sicilian: accelerated fianchetto, modern variation"]
[ECO "B34"]
[NIC "SI.33"]
[Time "16:15:01"]
[TimeControl "300+3"]

1. e4 c5 2. Nf3 Nc6 3. d4 cxd4 4. Nxd4 g6 5. Nc3 Bg7 6. Nb3 Nf6 7. Be2 O-O
8. O-O a5 9. a4 d6 10. Kh1 Be6 11. Bg5 Nd7 12. f4 Bxb3 13. cxb3 Nc5 14. Bf3
Ne6 15. Be2 Nxg5 16. fxg5 e6 17. Bc4 Qxg5 18. Qxd6 Be5 19. Qd3 Qh4 20. g3
Qh3 21. Qf3 Rad8 22. Rad1 Nd4 23. Qg2 Qxg2+ 24. Kxg2 Kg7 25. Rd3 Nc2 26.
Rdf3 Rd2+ 27. Kh3 Nd4 28. R3f2 Rxf2 29. Rxf2 Rd8 30. Rd2 Nc6 31. Rxd8 Nxd8
32. Kg2 Kf8 33. Kf3 h5 34. h3 Ke7 35. g4 h4 36. g5 Nc6 37. Ke3 Kd6 38. Kf3
Kc5 39. Kg4 Bg3 40. Ne2 Ne5# {White checkmated} 0-1

[Event "ICC tourney 2545 (5 3)"]
[Site "Internet Chess Club"]
[Date "2021.04.11"]
[Round "6"]
[White "Mrvica"]
[Black "BadBishop20"]
[Result "1-0"]
[ICCResult "Black checkmated"]
[WhiteElo "1960"]
[BlackElo "1454"]
[Opening "QGD: exchange, positional line"]
[ECO "D35"]
[NIC "QO.16"]
[Time "16:14:51"]
[TimeControl "300+3"]

1. d4 d5 2. c4 e6 3. Nc3 Nf6 4. cxd5 exd5 5. Bg5 Be6 6. e3 c6 7. Qc2 h6 8.
Bh4 Be7 9. Nf3 O-O 10. Bd3 Nbd7 11. h3 Bb4 12. a3 Bxc3+ 13. bxc3 Qc7 14. Bg3
Qd8 15. O-O Re8 16. Rab1 Nb6 17. Ne5 Nfd7 18. f4 Nc4 19. Bxc4 dxc4 20. Rxb7
f6 21. Nxd7 Bxd7 22. e4 Qc8 23. Rfb1 c5 24. f5 cxd4 25. cxd4 Rxe4 26. Rc7
Qe8 27. Qxc4+ Kh8 28. Rbb7 Rc8 29. Qd5 Bc6 30. Rxc6 Rxc6 31. Rb8 Rc1+ 32.
Kh2 Rc8 33. Rxc8 Qxc8 34. Qxe4 Qc3 35. d5 Qxa3 36. d6 Qa5 37. d7 Qd8 38.
Qe8+ Qxe8 39. dxe8=Q+ Kh7 40. Qg6+ Kh8 41. Bd6 h5 42. Bf8 h4 43. Qxg7#
{Black checkmated}
1-0

[Event "ICC tourney 2545 (5 3)"]
[Site "Internet Chess Club"]
[Date "2021.04.11"]
[Round "6"]
[White "shawnchicken"]
[Black "volver"]
[Result "1/2-1/2"]
[ICCResult "Game drawn because neither player has mating material"]
[WhiteElo "1455"]
[BlackElo "1360"]
[Opening "QGD: 4.Bg5 Be7"]
[ECO "D53"]
[NIC "QO.13"]
[Time "16:14:45"]
[TimeControl "300+3"]

1. d4 Nf6 2. c4 e6 3. Nc3 d5 4. Bg5 Be7 5. cxd5 exd5 6. Nf3 c6 7. e3 O-O 8.
Bd3 Nbd7 9. Qc2 h6 10. Bh4 Re8 11. O-O Nf8 12. Rab1 Bg4 13. Ne5 Be6 14. b4
N6d7 15. Bxe7 Qxe7 16. Nxd7 Bxd7 17. b5 Rac8 18. bxc6 Bxc6 19. Qb3 Qd7 20.
Bb5 Rc7 21. Rfc1 Rec8 22. Bxc6 bxc6 23. Na4 Ne6 24. Nc5 Nxc5 25. Rxc5 Qf5
26. Rbc1 g6 27. h3 h5 28. Qa4 Qe6 29. Ra5 Qe7 30. Qa3 Kf8 31. Ra6 Qxa3 32.
Rxa3 Ke7 33. Kh2 Ke6 34. Kg3 g5 35. h4 g4 36. Kf4 Kf6 37. Ra6 Kg6 38. f3 f5
39. fxg4 fxg4 40. e4 Rf8+ 41. Ke3 Rf6 42. exd5 Re7+ 43. Kd3 cxd5 44. Rxf6+
Kxf6 45. Rc6+ Re6 46. Rc7 Kf5 47. Rxa7 Kf4 48. Rf7+ Kg3 49. Rd7 Kxg2 50.
Rxd5 Kh2 51. Rxh5 g3 52. Rg5 g2 53. Rxg2+ Kxg2 54. Kc4 Kg3 55. d5 Ra6 56.
Kc5 Rxa2 57. d6 Kxh4 58. Kc6 Rd2 59. d7 Rxd7 60. Kxd7
{Game drawn because neither player has mating material}
1/2-1/2

[Event "ICC tourney 2545 (5 3)"]
[Site "Internet Chess Club"]
[Date "2021.04.11"]
[Round "6"]
[White "GunSlinger"]
[Black "e4f5"]
[Result "0-1"]
[ICCResult "White resigns"]
[WhiteElo "1635"]
[BlackElo "1847"]
[Opening "Sicilian"]
[ECO "B56"]
[NIC "SI.25"]
[Time "16:14:33"]
[TimeControl "300+3"]

1. e4 c5 2. Nf3 d6 3. d4 cxd4 4. Nxd4 Nf6 5. Nc3 Nc6 6. Nxc6 bxc6 7. Bg5 Rb8
8. Bxf6 gxf6 9. Rb1 Qa5 10. g3 Rxb2 11. Qd2 Rxb1+ 12. Nxb1 Qxa2 13. Nc3 Qa1+
14. Nd1 Bg7 15. Bd3 Bh3 16. Bf1 Qe5 17. f3 Bxf1 18. Kxf1 f5 19. exf5 Qxf5
20. Kg2 O-O 21. Re1 Re8 22. Ne3 Qc5 23. Qd3 Qc3 24. Rd1 Qxd3 25. Rxd3 Rb8
26. Nf5 Bf6 27. Ra3 Rb7 28. h4 d5 29. Kh3 e6 30. Nh6+ Kg7 31. Ng4 Be7 32.
Ne5 Bxa3 {White resigns} 0-1

[Event "ICC tourney 2545 (5 3)"]
[Site "Internet Chess Club"]
[Date "2021.04.11"]
[Round "6"]
[White "DWGriff"]
[Black "Tecmo"]
[Result "0-1"]
[ICCResult "White resigns"]
[WhiteElo "1696"]
[BlackElo "1459"]
[Opening "Caro-Kann: Panov-Botvinnik attack, 5...e6"]
[ECO "B14"]
[NIC "CK.02"]
[Time "16:13:58"]
[TimeControl "300+3"]

1. e4 c6 2. d4 d5 3. exd5 cxd5 4. c4 e6 5. Nc3 Nf6 6. Nf3 a6 7. cxd5 exd5 8.
Bd3 Be7 9. O-O O-O 10. Re1 Nc6 11. Bg5 Be6 12. a3 h6 13. Bh4 Re8 14. Bc2 Qd7
15. Qd3 g6 16. Re2 Bf5 17. Qd2 Bxc2 18. Qxc2 Kg7 19. Rae1 g5 20. Bg3 Bd6 21.
Be5 Re6 22. Bxf6+ Rxf6 23. Nxd5 Bxh2+ 24. Kxh2 Qxd5 25. Qc5 Rd8 26. Qxd5
Rxd5 27. Rd2 Rfd6 28. Re4 f5 29. Re8 Rd7 30. Rb8 g4 31. Nh4 Kf6 32. g3 Nxd4
33. Rf8+ Kg7 34. Rb8 Kf6 35. Rf8+ Ke7 36. Rh8 Nf3+ 37. Nxf3 Rxd2 38. Nxd2
Rxd2 39. Rxh6 Rxf2+ 40. Kg1 Rxb2 41. Rh5 Ke6 42. Rh6+ Ke5 43. Rh8 Ke4 44.
Rf8 b5 45. Rf6 a5 46. Rf8 b4 47. axb4 axb4 48. Rb8 Kf3 {White resigns} 0-1

[Event "ICC tourney 2545 (5 3)"]
[Site "Internet Chess Club"]
[Date "2021.04.11"]
[Round "6"]
[White "supergirl06"]
[Black "hansup"]
[Result "0-1"]
[ICCResult "White checkmated"]
[WhiteElo "1485"]
[BlackElo "1558"]
[Opening "Petrov: modern attack, Symmetrical variation"]
[ECO "C43"]
[NIC "RG.02"]
[Time "16:15:21"]
[TimeControl "300+3"]

1. e4 e5 2. Nf3 Nf6 3. d4 Nxe4 4. dxe5 d5 5. Nc3 Nxc3 6. bxc3 c6 7. Bd3 Be7
8. Rg1 Bg4 9. h3 Bh5 10. Bf4 Nd7 11. g4 Bg6 12. h4 Bxd3 13. cxd3 O-O 14. g5
Nc5 15. Rb1 b6 16. h5 Ne6 17. Be3 c5 18. h6 g6 19. d4 cxd4 20. cxd4 Rc8 21.
Rc1 Qd7 22. Qb3 Rxc1+ 23. Bxc1 Rc8 24. Ke2 Rc4 25. Qb2 Qc7 26. Qb3 Rc2+ 27.
Bd2 a5 28. Qa4 Bb4 29. Rd1 Qc4+ 30. Ke1 Bxd2+ 31. Nxd2 Qxa4 32. Rb1 Qxd4 33.
Kd1 Qxd2# {White checkmated} 0-1

[Event "ICC tourney 2545 (5 3)"]
[Site "Internet Chess Club"]
[Date "2021.04.11"]
[Round "6"]
[White "dashriprock"]
[Black "sakharov"]
[Result "1/2-1/2"]
[ICCResult "Black stalemated"]
[WhiteElo "1425"]
[BlackElo "1474"]
[Opening "Queen's pawn game"]
[ECO "A46"]
[NIC "QP.06"]
[Time "16:15:08"]
[TimeControl "300+3"]

1. d4 Nf6 2. Nf3 e6 3. g3 c5 4. Bg2 d5 5. O-O Nc6 6. c4 dxc4 7. Qa4 Bd7 8.
Qxc4 Rc8 9. dxc5 Qa5 10. Be3 b5 11. cxb6 Nb4 12. Qb3 Nc2 13. b7 Nxa1 14.
bxc8=Q+ Bxc8 15. Qd1 Qxa2 16. Nc3 Qxb2 17. Qxa1 Qxa1 18. Rxa1 a6 19. Ne5 Bd6
20. Bc6+ Ke7 21. Nc4 Bb4 22. Ne4 Bd7 23. Bxd7 Nxe4 24. Bc6 a5 25. Bxe4 f5
26. Bd3 h6 27. Nxa5 Kf7 28. Nc4 g5 29. Ra7+ Kg6 30. Ne5+ Kh5 31. Kg2 g4 32.
Ra6 Bc3 33. Rxe6 Bxe5 34. Rxe5 Rf8 35. Rxf5+ Rxf5 36. Bxf5 {Black
stalemated} 1/2-1/2

[Event "ICC tourney 2545 (5 3)"]
[Site "Internet Chess Club"]
[Date "2021.04.11"]
[Round "6"]
[White "FL2009"]
[Black "Dingsparov"]
[Result "1/2-1/2"]
[ICCResult "White stalemated"]
[WhiteElo "1645"]
[BlackElo "1616"]
[Opening "Sicilian: Canal-Sokolsky attack, 3...Bd7"]
[ECO "B52"]
[NIC "SI.01"]
[Time "16:14:40"]
[TimeControl "300+3"]

1. e4 c5 2. Nf3 d6 3. Bb5+ Bd7 4. c4 a6 5. Bxd7+ Nxd7 6. Nc3 Ngf6 7. O-O e6
8. d4 Be7 9. Be3 cxd4 10. Nxd4 O-O 11. f3 Rc8 12. b3 Qc7 13. Rc1 Rfe8 14.
Qd2 Qb8 15. Rfd1 Red8 16. Qf2 Ne5 17. h3 Ng6 18. Nde2 d5 19. cxd5 exd5 20.
exd5 Ba3 21. Rb1 Qe5 22. Bd4 Qf5 23. Bxf6 Qxf6 24. Kh1 Rxc3 25. Nxc3 Qxc3
26. Qb6 Qc8 27. d6 Bc5 28. Qa5 b6 29. Qa4 a5 30. d7 Qb7 31. Qb5 Ne5 32. Re1
Nxd7 33. Rbd1 Kf8 34. Rd3 Be7 35. Red1 Ke8 36. Qf5 g6 37. Qf4 Nf6 38. Rxd8+
Bxd8 39. Rxd8+ Kxd8 40. Qxf6+ Ke8 41. Qe5+ Kf8 42. Kg1 Kg8 43. Kf2 b5 44.
Qe4 Qb6+ 45. Ke2 b4 46. g4 Qb5+ 47. Qc4 Qe5+ 48. Kf2 Qh2+ 49. Ke3 Qxa2 50.
Kf4 Qd2+ 51. Kg3 Qd6+ 52. Kf2 Qe5 53. f4 Qb2+ 54. Ke3 Kg7 55. Qd4+ Qxd4+ 56.
Kxd4 Kf6 57. Kc5 a4 58. Kxb4 axb3 59. Kxb3 Ke6 60. Kc3 Kd5 61. Kd3 f5 62. g5
Kc5 63. Kc3 Kd5 64. Kd3 Kc5 65. Kc3 Kd5 66. Kd3 Kc5 67. Ke3 Kc4 68. Kf3 Kd3
69. Kf2 Ke4 70. Kg3 Ke3 71. Kh4 Kxf4 {White stalemated} 1/2-1/2

[Event "ICC tourney 2545 (5 3)"]
[Site "Internet Chess Club"]
[Date "2021.04.11"]
[Round "6"]
[White "romasru"]
[Black "GiteshC"]
[Result "0-1"]
[ICCResult "White checkmated"]
[WhiteElo "1270"]
[BlackElo "1386"]
[Opening "Réti: King's Indian attack, French variation"]
[ECO "A07"]
[NIC "QP.09"]
[Time "16:14:27"]
[TimeControl "300+3"]

1. Nf3 d5 2. g3 Nf6 3. Bg2 c5 4. d3 Nc6 5. O-O e6 6. Nbd2 Be7 7. e4 O-O 8.
Re1 Qc7 9. c3 Re8 10. Qc2 Bd7 11. b3 Rac8 12. Bb2 h6 13. h3 a6 14. e5 Nh7
15. Qd1 Nf8 16. d4 Ng6 17. a3 cxd4 18. cxd4 Qb6 19. Rc1 Na5 20. b4 Nc6 21.
Nb3 Na7 22. Nc5 Bb5 23. a4 Bc4 24. Bc3 Qc7 25. Nd2 b6 26. Nxa6 Bxa6 27. b5
Bb7 28. Bf1 Qd7 29. Nb3 Ba3 30. Rc2 Qc7 31. Ree2 Qe7 32. Qa1 Bb4 33. Bxb4
Qxb4 34. Qa2 Rc4 35. Rxc4 dxc4 36. Nd2 Bd5 37. Bg2 Rc8 38. Bxd5 exd5 39. Kg2
Nf8 40. f4 Ne6 41. f5 Nxd4 42. Rf2 c3 43. Nf3 Nxf3 44. Kxf3 Qe4#
{White checkmated}
0-1

[Event "ICC tourney 2545 (5 3)"]
[Site "Internet Chess Club"]
[Date "2021.04.11"]
[Round "6"]
[White "Finlidor"]
[Black "jmpe"]
[Result "0-1"]
[ICCResult "White resigns"]
[WhiteElo "2089"]
[BlackElo "1606"]
[Opening "Sicilian: Nimzovich-Rossolimo attack (without ...d6)"]
[ECO "B30"]
[NIC "SI.31"]
[Time "16:15:27"]
[TimeControl "300+3"]

1. e4 c5 2. Nf3 Nc6 3. Bb5 d6 4. O-O Bd7 5. Re1 g6 6. c3 Bg7 7. d4 cxd4 8.
cxd4 Qb6 9. Nc3 Nxd4 10. Nd5 Nxf3+ 11. Qxf3 Qd8 12. Bc4 Nf6 13. Bg5 Rc8 14.
Bb3 O-O 15. Rad1 Be6 16. h3 Bxd5 17. exd5 Re8 18. Re2 b5 19. Rde1 Qd7 20.
Qe3 a5 21. a3 Rb8 22. Qf4 b4 23. a4 Rbc8 24. Qh4 Rc5 25. Rd2 Qf5 26. Be3 Rc7
27. Bd4 h5 28. Qg3 Ne4 29. Qd3 Nxd2 30. Qxd2 Bxd4 31. Qxd4 Rc5 32. Bc4 Qc2
33. b3 Qc3 34. Qf4 Qxe1+ {White resigns} 0-1

[Event "ICC tourney 2545 (5 3)"]
[Site "Internet Chess Club"]
[Date "2021.04.11"]
[Round "6"]
[White "Chaos23"]
[Black "asur67ferat"]
[Result "1-0"]
[ICCResult "Black resigns"]
[WhiteElo "1888"]
[BlackElo "1599"]
[Opening "Sicilian defense"]
[ECO "B20"]
[NIC "SI.48"]
[Time "16:15:17"]
[TimeControl "300+3"]

1. e4 c5 2. d3 Nc6 3. f4 g6 4. Nf3 Bg7 5. g3 e6 6. Bg2 Nge7 7. O-O O-O 8. c3
d5 9. Qe2 b6 10. Be3 Ba6 11. c4 dxe4 12. dxe4 Na5 13. Na3 Nec6 14. Rad1 Qe7
15. b3 Rfd8 16. e5 Rac8 17. Nb5 Rxd1 18. Rxd1 Rd8 19. Nd6 Qc7 20. Ng5 Rd7
21. Bh3 h6 22. Ngxf7 Rxf7 23. Bxe6 Nd8 24. Bxf7+ Nxf7 25. Qg4 Nxd6 26. exd6
Qd8 27. Qe6+ Kh7 28. d7 Nb7 29. f5 g5 30. Qg6+ Kh8 31. f6 Qxf6 32. Qe8+ Qf8
33. d8=Q Nxd8 34. Rxd8 Qxe8 35. Rxe8+ Kh7 36. Re7 Bc8 37. Rxa7 {Black
resigns} 1-0

[Event "ICC tourney 2545 (5 3)"]
[Site "Internet Chess Club"]
[Date "2021.04.11"]
[Round "6"]
[White "ChalsparoV"]
[Black "SamerOnFire"]
[Result "1-0"]
[ICCResult "Black resigns"]
[WhiteElo "1812"]
[BlackElo "1573"]
[Opening "Queen's pawn game"]
[ECO "D00"]
[NIC "QP.07"]
[Time "16:15:28"]
[TimeControl "300+3"]

1. d4 Nf6 2. Nc3 d5 3. Bf4 c6 4. e3 Bf5 5. Nf3 Nbd7 6. Bd3 Bg6 7. Ne5 Nxe5
8. Bxe5 e6 9. Ne2 Bd6 10. f4 Bxd3 11. cxd3 Ng4 12. Bxd6 Qxd6 13. Qd2 O-O 14.
O-O a5 15. a3 f6 16. h3 Nh6 17. Nc3 Rae8 18. e4 e5 19. fxe5 fxe5 20. dxe5
Qxe5 21. d4 Qh5 22. exd5 cxd5 23. Rxf8+ Rxf8 24. Re1 Nf5 25. Nxd5 Qh4 26.
Rf1 h6 27. Qf4 Qxf4 28. Rxf4 g5 29. Rxf5 {Black resigns} 1-0

[Event "ICC tourney 2545 (5 3)"]
[Site "Internet Chess Club"]
[Date "2021.04.11"]
[Round "6"]
[White "Abix4"]
[Black "MillzGambit"]
[Result "1-0"]
[ICCResult "Black resigns"]
[WhiteElo "1643"]
[BlackElo "1468"]
[Opening "QGD Slav/Grünfeld: Schlechter variation"]
[ECO "D15"]
[NIC "SL.03"]
[Time "16:14:33"]
[TimeControl "300+3"]

1. d4 d5 2. c4 c6 3. Nf3 Nf6 4. Nc3 g6 5. Bf4 a6 6. e3 Bg7 7. cxd5 cxd5 8.
Bd3 Nc6 9. a3 O-O 10. h4 Bg4 11. Be2 b5 12. Ne5 Nxe5 13. Bxe5 Bf5 14. h5
Nxh5 15. Bxh5 Bxe5 16. dxe5 gxh5 17. Qxh5 Bg6 18. Qg4 Rb8 19. f4 e6 20. Ne2
b4 21. a4 Rc8 22. Rh2 Rc2 23. Kf2 f5 24. exf6 Qxf6 25. Rah1 Qxb2 26. Qxe6+
Kg7 27. Re1 d4 28. Qe5+ Rf6 29. exd4 Bd3 30. g3 Bxe2 31. Rxe2 Rxe2+ 32. Qxe2
Qxd4+ 33. Kg2 Qd5+ 34. Kg1 Rg6 35. Qe7+ Kg8 36. Qxh7+ Kf8 37. Qxg6 Qd1+ 38.
Kg2 Qc2+ 39. Qxc2 {Black resigns} 1-0

[Event "ICC tourney 2545 (5 3)"]
[Site "Internet Chess Club"]
[Date "2021.04.11"]
[Round "6"]
[White "robbonz"]
[Black "Maher1278"]
[Result "0-1"]
[ICCResult "White forfeits on time"]
[WhiteElo "688"]
[BlackElo "1370"]
[Opening "French defense"]
[ECO "C00"]
[NIC "FR.01"]
[Time "16:14:48"]
[TimeControl "300+3"]

1. e4 e6 2. Nc3 Qh4 3. g3 Qf6 4. Qf3 Bc5 5. Qxf6 Nxf6 6. e5 Ng4 7. Ne4 b6 8.
Nxc5 bxc5 9. d3 Bb7 10. Be3 Bxh1 11. O-O-O Na6 12. d4 Nb4 13. dxc5 Nxa2+ 14.
Kd2 Nxh2 15. Bc4 Nb4 16. Nh3 Be4 17. c3 Nc6 18. f4 Nf3+ 19. Ke2 O-O 20. Rf1
Nh2 21. Rd1 Rad8 22. b4 a5 23. b5 Ne7 24. c6 dxc6 25. Rxd8 Rxd8 26. Bc5 Nf5
27. Ng5 Nxg3+ 28. Ke3 Nhf1+ 29. Kf2 Rd1 30. Be2 Nxe2 31. Kxe2 Rb1 32. c4 h6
33. Nxe4 f5 34. Ng3 Nxg3+ 35. Kf3 Nh5 {White forfeits on time} 0-1

[Event "ICC tourney 2545 (5 3)"]
[Site "Internet Chess Club"]
[Date "2021.04.11"]
[Round "6"]
[White "Mapking1"]
[Black "Skydancer52"]
[Result "1-0"]
[ICCResult "Black resigns"]
[WhiteElo "1471"]
[BlackElo "1347"]
[Opening "Ruy Lopez: Cozio defense"]
[ECO "C60"]
[NIC "RL.04"]
[Time "16:14:43"]
[TimeControl "300+3"]

1. e4 e5 2. Nf3 Nc6 3. Bb5 Nge7 4. O-O a6 5. Ba4 g6 6. c3 Bg7 7. Re1 O-O 8.
d4 d6 9. Bg5 h6 10. Bh4 Qd7 11. d5 b5 12. dxc6 Qxc6 13. Bc2 g5 14. Bg3 Ng6
15. Nbd2 Bg4 16. a4 Qd7 17. axb5 axb5 18. Qe2 c6 19. c4 b4 20. Qe3 c5 21. h4
Bxf3 22. Nxf3 Qe7 23. hxg5 hxg5 24. Qxg5 Qxg5 25. Nxg5 Bf6 26. Nf3 Rfb8 27.
b3 Kg7 28. Red1 Rd8 29. Rxa8 Rxa8 30. Rxd6 Ra2 31. Rd2 Nf4 32. Nh4 Bxh4 33.
Bxh4 Ne6 34. Bg3 f6 35. Kf1 Nd4 36. Rxd4 cxd4 37. Bd1 d3 38. f4 Ra1 39. Ke1
Ra5 40. fxe5 fxe5 41. Kd2 Kg6 42. Kxd3 Kg5 43. Bf3 Kf6 44. Be1 Ra3 45. Kc2
Ra2+ 46. Kb1 Ra3 47. Kb2 Ra7 48. Bxb4 {Black resigns} 1-0

[Event "ICC tourney 2545 (5 3)"]
[Site "Internet Chess Club"]
[Date "2021.04.11"]
[Round "6"]
[White "profudesah"]
[Black "QvC"]
[Result "1-0"]
[ICCResult "Black resigns"]
[WhiteElo "1835"]
[BlackElo "2324"]
[Opening "Caro-Kann: exchange variation"]
[ECO "B13"]
[NIC "CK.02"]
[Time "16:14:03"]
[TimeControl "300+3"]

1. e4 c6 2. d4 d5 3. exd5 cxd5 4. Nf3 Nc6 5. c4 Nf6 6. Nc3 Be6 7. c5 a6 8.
h3 g6 9. Bd3 Bg7 10. O-O O-O 11. Re1 Bf5 12. Bxf5 gxf5 13. Qb3 Na5 14. Qc2
Ne4 15. Bf4 Nc6 16. Rad1 e6 17. a3 Kh8 18. Ne2 Bf6 19. Qb3 Qd7 20. Ng3 Rg8
21. Qc2 Rg6 22. Nh5 Rag8 23. g3 Bd8 24. b4 Bc7 25. Kh2 f6 26. Nh4 Rg5 27.
Bxg5 Rxg5 28. Nf4 Qf7 29. Nhg2 Ne7 30. f3 Nxg3 31. Nxe6 Bb8 32. Nxg5 fxg5
33. Kg1 Ng6 34. c6 Nf4 35. Nxf4 Bxf4 36. cxb7 Qxb7 37. Re8+ Kg7 38. Qc5 Kg6
39. Re7 Qb5 40. Re6+ Kh5 41. Qe7 Kh4 42. Rh6+ Nh5 43. Kg2 Qe2+ 44. Qxe2
{Black resigns}
1-0

[Event "ICC tourney 2545 (5 3)"]
[Site "Internet Chess Club"]
[Date "2021.04.11"]
[Round "6"]
[White "IAlwaysWin"]
[Black "sandeep3345"]
[Result "1-0"]
[ICCResult "Black resigns"]
[WhiteElo "1579"]
[BlackElo "1352"]
[Opening "Queen's pawn game, Chigorin variation"]
[ECO "A04"]
[NIC "QP.11"]
[Time "16:14:43"]
[TimeControl "300+3"]

1. Nf3 Nc6 2. d4 d5 3. e3 h6 4. c4 Nf6 5. Nc3 e6 6. Bd3 Bb4 7. Bd2 O-O 8.
O-O Bd6 9. Rc1 dxc4 10. Bxc4 a6 11. Qe2 Ne7 12. e4 Bb4 13. a3 Bxc3 14. Bxc3
Ng6 15. Rfd1 Qe8 16. b4 c6 17. Bb2 b5 18. Bb3 Nf4 19. Qe3 Ng6 20. h3 Nh7 21.
Rc5 Kh8 22. Rdc1 Bd7 23. Bc2 f5 24. exf5 exf5 25. Qd2 Qf7 26. Ne5 Nxe5 27.
Rxe5 f4 28. Qd3 Bf5 29. Rxf5 Qxf5 30. Qxf5 Rxf5 31. Bxf5 Rf8 32. Be4 Ng5 33.
Bxc6 f3 34. h4 Ne6 35. d5 Nf4 36. Rd1 fxg2 37. d6 Ne6 38. Kxg2 Nd8 39. Bd5
Rf4 40. Re1 Kh7 41. Re8 Nf7 42. Bxf7 Rxf7 43. Re7 Rf8 44. Rxg7+ Kh8 45. Rf7+
Kg8 46. Rxf8+ Kxf8 47. Bf6 Ke8 48. Kf3 Kd7 49. Be5 Ke6 50. Kf4 Kd7 51. Kf5
{Black resigns}
1-0

[Event "ICC tourney 2545 (5 3)"]
[Site "Internet Chess Club"]
[Date "2021.04.11"]
[Round "6"]
[White "architect22"]
[Black "Structor99"]
[Result "0-1"]
[ICCResult "White resigns"]
[WhiteElo "1400"]
[BlackElo "1916"]
[Opening "French: advance variation"]
[ECO "C02"]
[NIC "FR.03"]
[Time "16:15:08"]
[TimeControl "300+3"]

1. d4 e6 2. e4 d5 3. e5 c5 4. c3 Qb6 5. Nf3 Nc6 6. Be2 Nh6 7. b3 cxd4 8.
cxd4 Bb4+ 9. Kf1 Nf5 10. Be3 Bd7 11. a3 Be7 12. g3 f6 13. Kg2 fxe5 14. dxe5
Qxe3 15. g4 Nh4+ 16. Nxh4 Qxe5 17. Nf3 Qxa1 18. Bb5 O-O 19. h4 a6 20. Bd3
Ne5 21. Ng5 Bxg5 22. hxg5 Nxd3 23. Qxd3 g6 24. Qh3 Qg7 25. Nd2 d4 26. Ne4
Bc6 27. f3 Bxe4 28. fxe4 Rac8 29. Rd1 Rc2+ 30. Kh1 Qe5 31. Rg1 Qxe4+ 32. Rg2
Qxg2+ 33. Qxg2 Rxg2 {White resigns} 0-1

[Event "ICC tourney 2545 (5 3)"]
[Site "Internet Chess Club"]
[Date "2021.04.11"]
[Round "6"]
[White "SuperPuzzler"]
[Black "KingSack"]
[Result "1-0"]
[ICCResult "Black checkmated"]
[WhiteElo "1840"]
[BlackElo "1509"]
[Opening "Scandinavian defense"]
[ECO "B01"]
[NIC "SD.03"]
[Time "16:14:48"]
[TimeControl "300+3"]

1. e4 d5 2. exd5 Nf6 3. Nc3 Nxd5 4. Nf3 Bf5 5. Bc4 e6 6. O-O Nc6 7. Re1 Be7
8. d4 O-O 9. Nxd5 exd5 10. Bd3 Bg4 11. c3 Bf6 12. h3 Be6 13. Bf4 Ne7 14. b4
Ng6 15. Bg3 Qd7 16. a4 b6 17. b5 c5 18. bxc6 Qxc6 19. Qd2 Rac8 20. Rec1 Qe8
21. a5 Qd7 22. axb6 axb6 23. Rab1 Bd8 24. Bxg6 fxg6 25. Ne5 Qe7 26. Rb2 h5
27. h4 Bc7 28. Nxg6 Qf6 29. Nxf8 Bxg3 30. fxg3 Qxf8 31. Rxb6 Bg4 32. Qf4 Qe7
33. Qe5 Qd7 34. Rd6 Qa4 35. Rf1 Qc2 36. Qxd5+ Kh8 37. Rd8+ Rxd8 38. Qxd8+
Kh7 39. Qc7 Qd3 40. Rf7 Qg6 41. d5 Kh6 42. Qf4+ Kh7 43. d6 Be6 44. Re7 Bd5
45. d7 Qb1+ 46. Kh2 Qc2 47. Qf1 Qxc3 48. d8=Q Bc4 49. Qf5+ Kh6 50. Qh8#
{Black checkmated}
1-0

[Event "ICC tourney 2545 (5 3)"]
[Site "Internet Chess Club"]
[Date "2021.04.11"]
[Round "6"]
[White "Draconian"]
[Black "rj1234"]
[Result "1-0"]
[ICCResult "Black forfeits on time"]
[WhiteElo "1850"]
[BlackElo "1923"]
[Opening "French: exchange variation"]
[ECO "C01"]
[NIC "FR.01"]
[Time "16:14:48"]
[TimeControl "300+3"]

1. e4 e6 2. d4 d5 3. exd5 exd5 4. Nf3 c5 5. Bb5+ Nc6 6. O-O Nf6 7. Re1+ Be7
8. Ne5 Bd7 9. Bxc6 Bxc6 10. Nxc6 bxc6 11. Qe2 cxd4 12. Bg5 Qd6 13. Nd2 Rb8
14. Bf4 Qb4 15. Bxb8 O-O 16. Qxe7 Rxb8 17. Qxb4 Rxb4 18. Nb3 Ne4 19. f3 Nd6
20. Re7 g6 21. Rae1 a5 22. Nxa5 Rxb2 23. Nxc6 Nf5 24. R7e2 Rxa2 25. Nb4 Rb2
26. Nxd5 Rb5 27. Ne7+ Nxe7 28. Rxe7 Rc5 29. R1e2 Kf8 30. Rd7 Rc3 31. Rxd4
Ra3 32. c4 Rc3 33. Rd8+ Kg7 34. Rc8 Kf6 35. c5 Rc1+ 36. Kf2 Rc4 37. c6 Kf5
38. c7 h5 39. Re7 Kf6 40. Rd7 Rc2+ 41. Kg3 Kg5 42. h4+ {Black forfeits on
time} 1-0

[Event "ICC tourney 2545 (5 3)"]
[Site "Internet Chess Club"]
[Date "2021.04.11"]
[Round "6"]
[White "Schlomo"]
[Black "Irenaeus"]
[Result "1-0"]
[ICCResult "Black resigns"]
[WhiteElo "1996"]
[BlackElo "1745"]
[Opening "Neo-Grünfeld, 6.O-O, main line"]
[ECO "D79"]
[NIC "KI.80"]
[Time "16:15:28"]
[TimeControl "300+3"]

1. d4 Nf6 2. c4 g6 3. Nf3 Bg7 4. g3 c6 5. Bg2 O-O 6. O-O d5 7. cxd5 cxd5 8.
Nc3 Ne4 9. Qb3 Nxc3 10. bxc3 b6 11. e4 dxe4 12. Ng5 Bb7 13. Nxe4 Nc6 14. Be3
Na5 15. Qa4 Qc7 16. Rac1 Rac8 17. Bf4 e5 18. dxe5 Bxe5 19. Nf6+ Kg7 20. Bxe5
Qxe5 21. Nd7 Qc7 22. Nxf8 Rxf8 23. Qd4+ Kg8 24. Rfd1 Bxg2 25. Kxg2 Qc6+ 26.
Qd5 Qf6 27. c4 Rc8 28. c5 b5 29. Qd6 Qf5 30. Qd5 Qf6 31. c6 Nxc6 32. Qd7 Rd8
33. Qc7 Rxd1 34. Rxd1 Ne5 35. Qd8+ Qxd8 36. Rxd8+ Kg7 37. Rd5 Nc6 38. Rxb5
Kf6 39. Rb7 Ke6 40. Rc7 {Black resigns} 1-0